 Dungeon Crawl Stone Soup version 0.28-a0-381-g937acc2988 (webtiles) character file.

Game seed: 17944821184476152438

2 SeanNever the Shield-Bearer (level 1, 0/20 HPs)
             Began as a Minotaur Fighter on Sept 1, 2021.
             Slain by a kobold (3 damage)
             ... on level 1 of the Dungeon.
             The game lasted 00:00:33 (85 turns).

SeanNever the Shield-Bearer (Minotaur Fighter)        Turns: 85, Time: 00:00:33

Health: 0/20       AC:  7    Str: 20    XL:     1   Next: 33%
Magic:  0/0        EV:  6    Int:  5    God:
Gold:   0          SH:  4    Dex:  9    Spells: 0/0 levels left

rFire   . . .      SeeInvis .   a - +0 rapier
rCold   . . .      Faith    .   c - +0 buckler
rNeg    . . .      Spirit   .   b - +0 scale mail
rPois   .          Reflect  .   (helmet restricted)
rElec   .          Harm     .   (no cloak)
rCorr   .          Rampage  .   (no gloves)
Will    .....                   (no boots)
Stlth   ..........              (no amulet)
HPRegen 0.06/turn               (no ring)
MPRegen 0.07/turn               (no ring)

@: constricted
A: horns 2, retaliatory headbutt
a: no special abilities


You were on level 1 of the Dungeon.
You visited 1 branch of the dungeon, and saw 1 of its levels.

Inventory:

Hand Weapons
 a - a +0 rapier (weapon)
Armour
 b - a +0 scale mail (worn)
 c - a +0 buckler (worn)
Potions
 d - a potion of might


   Skills:
 + Level 3.6 Fighting
 + Level 2.2 Short Blades
 + Level 3.7 Armour
 + Level 3.7 Shields


You couldn't memorise any spells.
You didn't know any spells.
Your spell library was empty.

Dungeon Overview and Level Annotations

Branches:
Dungeon (1/15)

Altars:


Innate Abilities, Weirdness & Mutations

You have a pair of horns on your head.
You reflexively headbutt those who attack you in melee.


Message History

The goblin shouts!
The ball python bites you. The ball python barely misses you.
A dart slug comes into view.
A kobold comes into view. It is wielding a +0 short sword.
The kobold shouts!
You hear a shout!
A hobgoblin comes into view.
The goblin hits you but does no damage. The ball python barely misses you.
You furiously retaliate!
You headbutt the ball python. The ball python closely misses you.
You hit the ball python.
The ball python is moderately wounded.
You block the ball python's attack. The ball python grabs you.
The ball python constricts you. The ball python closely misses you.
The goblin hits you with a +0 club. The kobold hits you but does no damage.
The ball python bites you but does no damage.
The ball python constricts you.
You hit the goblin but do no damage.
The ball python bites you but does no damage.
You block the goblin's attack. The kobold hits you but does no damage.
The hobgoblin hits you. The ball python barely misses you.
The ball python constricts you. You block the ball python's attack.
You barely miss the ball python. Your headbutt misses the ball python.
The ball python is moderately wounded.
The goblin hits you but does no damage.
The kobold hits you with a +0 short sword.
The ball python closely misses you. The ball python constricts you.
The hobgoblin hits you but does no damage.
The ball python bites you.
* * * LOW HITPOINT WARNING * * *
The goblin barely misses you.
You escape the ball python's grasp.
The ball python bites you.
* * * LOW HITPOINT WARNING * * *
The ball python grabs you. The ball python constricts you.
The kobold hits you but does no damage.
The ball python's grasp on you weakens, but your attempt to escape fails.
You block the ball python's attack. The ball python constricts you.
The ball python barely misses you.
The hobgoblin hits you but does no damage.
The kobold hits you with a +0 short sword.
You die...

#..........#
#..........#
#..........
#........#
##........##
#..........#
#..........#
#......wSKg#
#......gS@.#
#..........#
#.........##
#........## ##
#.....#.#######...
#.................
#.(..>#.#####...#
#.....#.......#
##### ##...####


You could see a dart slug, a hobgoblin, a goblin, 2 ball pythons and a kobold.

Vanquished Creatures
  A hobgoblin (D:1)
  A ball python (D:1)
  A goblin (D:1)
3 creatures vanquished.

Notes
Turn   | Place    | Note
-------+----------+-------------------------------------------
     0 | D:1      | SeanNever the Minotaur Fighter began the quest for the Orb.
     0 | D:1      | Reached XP level 1. HP: 19/19 MP: 0/0
     5 | D:1      | Noticed an electric eel
    10 | D:1      | Noticed an electric eel
    85 | D:1      | Slain by a kobold

Illustrated notes

Levels and vault maps discovered:
D:1:      arrival_aquarium_b, layout_rooms, basic_ecumenical_altar

Action                   || total
-------------------------++-------
Melee: Rapier            ||    10
       Headbutt          ||     1
Armor: Scale mail        ||    20
Dodge: Dodged            ||    16
Block: Buckler           ||     8

Table legend: (Time is in decaauts)
 A = Elapsed time spent in this place.
 B = Non-inter-level travel time spent in this place.
 C = Inter-level travel time spent in this place.
 D = Time resting spent in this place.
 E = Time spent auto-exploring this place.
 F = Levels seen in this place.
 G = Mean time per level.
                   A        B        C        D        E       F      G
               +--------+--------+--------+--------+--------+-----+--------+
         Total |     86 |     86 |      0 |      0 |      0 |   1 |   86.0 |
       Dungeon |     86 |     86 |      0 |      0 |      0 |   1 |   86.0 |
               +--------+--------+--------+--------+--------+-----+--------+

Top non-repeatable levels by time:
     D:1: 86 daAuts
